[Event "Late-Titled-Tuesday-Blitz-February-13-2024"]
[Site "Chess.com"]
[Date "2024.02.13"]
[Round "9"]
[White "chegueps"]
[Black "Bryanl106"]
[Result "1-0"]
[WhiteElo "2680"]
[BlackElo "2525"]
[TimeControl "180+1"]
[EndTime "15:44:31 PST"]
[Termination "chegueps won by resignation"]

1. e4 e5 2. Qh5 Nc6 3. Bc4 Qe7 4. Nc3 Nf6 5. Qd1 Qd8 6. d3 Na5 7. Nf3 Nxc4 8. dxc4 Bb4 9. Bg5 h6 10. Bxf6 Bxc3+ 11. bxc3 Qxf6 12. Qd3 d6 13. Nd2 O-O 14.
Nf1 b6 15. Ne3 Ba6 16. a4 Bc8 17. a5 Be6 18. O-O Qd8 19. Nd5 c6 20. Ne3 Qc7 21. Ra3 Rab8 22. Rfa1 b5 23. Rb3 Rfc8 24. Rd1 Rd8 25.
a6 bxc4 26. Nxc4 d5 27. Rxb8 Rxb8 28. Ne3 Rd8 29. h3 Rd7 30. Rb1 Qc8 31. h4 g6 32.
h5 Kg7 33. hxg6 fxg6 34. Qe2 dxe4 35. Nf1 Bf5 36. Ng3 Re7 37. Rb4 c5 38. Rb1 Qc6 39. Rb8 Bc8 40. Nxe4 Qxa6 41. Qxa6 Bxa6 42. Nxc5 Bc4 43.
Ne4 Rc7 44. Nd6 Be2 45. Ne8+ 1-0

[Event "Late-Titled-Tuesday-Blitz-February-13-2024"]
[Site "Chess.com"]
[Date "2024.02.13"]
[Round "9"]
[White "LyonBeast"]
[Black "SpeedofLight0"]
[Result "1-0"]
[WhiteElo "3182"]
[BlackElo "3051"]
[TimeControl "180+1"]
[EndTime "15:44:32 PST"]
[Termination "LyonBeast won by resignation"]

1. e4 e5 2. Nf3 Nc6 3. Bb5 a6 4. Ba4 Nf6 5. O-O Be7 6. Re1 b5 7. Bb3 O-O 8. a4 Bb7 9. d3 d6 10. Nbd2 Nd7 11. c3 Nc5 12. axb5 axb5 13. Rxa8 Qxa8 14.
Bc2 b4 15. d4 Nd7 16. h4 bxc3 17. bxc3 Qa1 18. d5 Ncb8 19. c4 Na6 20. Re3 Qa5 21. Ra3 Qb6 22. Nf1 Nac5 23. h5 Ra8 24. Rxa8+ Bxa8 25. Ng3 Bb7 26. Be3 Ba6 27. Nf5 Bf8 28. Nd2 Qb2 29. Ba4 Bc8 30. Bxd7 Bxd7 31. Bxc5 dxc5 32. Nf1 Bxf5 33. exf5 e4 34. Ne3 Bd6 35. g3 h6 36. Qa4 Qe5 37. Kg2 Qe7 38. Ng4 Be5 39.
Qa8+ Kh7 40. d6 Bxd6 41. f6 Qe6 42. fxg7 Kxg7 43. Ne3 Be7 44. g4 Kf6 45. Qh8+ Kg5 46. Qg7+ Kh4 47. Nf5+ Qxf5 48. gxf5 Bf6 49. Qg3+ 1-0

[Event "Late-Titled-Tuesday-Blitz-February-13-2024"]
[Site "Chess.com"]
[Date "2024.02.13"]
[Round "9"]
[White "Nick12772"]
[Black "BabageldiAnnaberdiyev"]
[Result "1/2-1/2"]
[WhiteElo "2356"]
[BlackElo "2605"]
[TimeControl "180+1"]
[EndTime "15:44:32 PST"]
[Termination "Game drawn - insufficient material"]

1. Nf3 c5 2. g3 Nc6 3. d4 cxd4 4. Nxd4 g6 5. Bg2 Bg7 6. Nxc6 bxc6 7. O-O Nf6 8. c4 O-O 9. Nc3 d6 10. Bxc6 Bh3 11. Bg2 Bxg2 12. Kxg2 Rc8 13. Qd3 Qc7 14. Nd5 Nxd5 15. cxd5 Qc2 16. Rd1 Bxb2 17. Bxb2 Qxb2 18. Rdb1 Qf6 19. a4 Rc3 20. Qd2 Rfc8 21. Ra2 R8c7 22. a5 Kg7 23. a6 h5 24. h4 Qe5 25. Rb7 R3c5 26. Qb2 Qxb2 27. Raxb2 Kf6 28. Rxc7 Rxc7 29. Rb7 Rc5 30. e4 Rc4 31. f3 Rc2+ 32. Kf1 Rc3 33. Kf2 Rc2+ 34. Ke3 Rc3+ 35. Kf4 e5+ 36. dxe6 fxe6 37.
g4 e5+ 38. Kg3 d5 39. g5+ Ke6 40. exd5+ Kxd5 41. Kf2 Rc2+ 42. Ke3 Rc3+ 43. Ke2 Rc4 44. Rxa7 Rxh4 45. Rg7 Ra4 46. Rxg6 e4 47. fxe4+ Kxe4 48.
Rh6 Kf5 49. Rxh5 Rxa6 50. Rh6 Ra2+ 51. Kd3 Kxg5 52. Rb6 Ra5 53. Ke4 Ra4+ 54. Kd5 Ra1 55. Kc4 Rc1+ 56. Kd4 Kf5 57. Rb8 Rd1+ 58. Ke3 Rd7 59. Re8 Rd6 60. Kf3 Rd3+ 61. Ke2 Ra3 62. Kd2 Kf6 63. Re3 Rxe3 64. Kxe3 1/2-1/2

[Event "Late-Titled-Tuesday-Blitz-February-13-2024"]
[Site "Chess.com"]
[Date "2024.02.13"]
[Round "9"]
[White "LUISMIGUELOV"]
[Black "NovakRatko"]
[Result "0-1"]
[WhiteElo "2181"]
[BlackElo "2323"]
[TimeControl "180+1"]
[EndTime "15:44:35 PST"]
[Termination "NovakRatko won on time"]

1. e4 d5 2. exd5 c6 3. d4 cxd5 4. Bd3 Nc6 5. c3 g6 6. Bg5 f6 7.
Bh4 Qb6 8. Qe2 e5 9. dxe5 fxe5 10. Nf3 e4 11. O-O Be7 12. Bxe4 dxe4 13. Qxe4 Bf5 14. Qe2 O-O-O 15. Na3 Bd3 16. Qe6+ Kb8 17. Bg3+ Ka8 18.
Rfd1 Nh6 19. Ne5 Bf5 20. Qc4 Na5 21. Qa4 Qxb2 22. Qxa5 Qxa3 23. Qb5 Qc5 24. Qa4 Bf6 25. Nf3 Qc6 26. Qxc6 bxc6 27. Nd4 Bxd4 28. cxd4 Be4 29.
f3 Bd5 30. Be5 Rhe8 31. g4 Bxf3 32. Rd3 Bxg4 33. Ra3 Rd7 34. Re1 Nf7 35. h3 Bf5 0-1

[Event "Late-Titled-Tuesday-Blitz-February-13-2024"]
[Site "Chess.com"]
[Date "2024.02.13"]
[Round "9"]
[White "Flaccidmoves"]
[Black "pinguino120"]
[Result "0-1"]
[WhiteElo "2434"]
[BlackElo "2382"]
[TimeControl "180+1"]
[EndTime "15:44:36 PST"]
[Termination "pinguino120 won by resignation"]

1. d4 Nf6 2. Bg5 e6 3. e4 Be7 4. Nc3 d5 5. e5 Nfd7 6. h4 h6 7. Bxe7 Qxe7 8. Qg4 O-O 9. Rh3 a6 10. Rg3 f5 11. Qh5 Kh8 12. Nh3 Qf7 13. Qxf7 Rxf7 14. Nf4 Nf8 15. Na4 b6 16. c4 dxc4 17. Nc3 b5 18. a4 b4 19. Na2 Nc6 20. Rd1 Bd7 21. Bxc4 a5 22. Nc1 Ne7 23. Nb3 Bxa4 24. Ra1 Bxb3 25.
Bxb3 Nc6 26. Bxe6 Nxe6 27. Nxe6 Re7 28. Nf8 Rxf8 29. Rg6 Nxd4 30. Rxa5 Rfe8 31. f4 Ne6 32. g3 Kh7 33. h5 Kg8 34. Ra6 Kf7 35. Kf2 Rd8 36.
Ke3 Rd1 37. g4 fxg4 38. f5 Ng5 39. e6+ Ke8 40. Ra8+ Rd8 41. Rxd8+ Kxd8 42. Kf4 c5 43. Ke5 c4 44. Kd4 g3 45. Ke3 c3 46. bxc3 bxc3 0-1

[Event "Late-Titled-Tuesday-Blitz-February-13-2024"]
[Site "Chess.com"]
[Date "2024.02.13"]
[Round "9"]
[White "fmcabralis"]
[Black "VitorBronson"]
[Result "1/2-1/2"]
[WhiteElo "2258"]
[BlackElo "2491"]
[TimeControl "180+1"]
[EndTime "15:44:37 PST"]
[Termination "Game drawn by repetition"]

1. e4 c5 2. Nf3 d6 3. d4 cxd4 4. Nxd4 Nf6 5. Nc3 a6 6. Rg1 e5 7. Nb3 Be6 8. g4 h6 9. Bd2 Nc6 10.
h4 d5 11. exd5 Nxd5 12. Qf3 Nd4 13. Nxd4 exd4 14. Nxd5 Bxd5 15. Qd3 Qe7+ 16. Be2 O-O-O 17. O-O-O Be4 18. Qc4+ Qc7 19. Qxc7+ Kxc7 20. Bc4 Bc5 21. Bf4+ Kc6 22. Rde1 Bd5 23. Bd3 Rhe8 24. g5 hxg5 25. hxg5 b5 26. g6 fxg6 27. Rxg6+ Kb7 28. Rxg7+ Kc6 29.
Reg1 Re6 30. Bf5 Re2 31. R1g6+ Bd6 32. Bg3 Bf3 33. b3 Kd5 34. Rxd6+ Rxd6 35. Bxd6 Kxd6 36. Rd7+ Ke5 37. Re7+ Kxf5 38. Rxe2 Bxe2 39. Kd2 Bf1 40. Ke1 d3 41. Kd2 dxc2 42. Kxc2 Kf4 43. Kc3 a5 44. a3 Kf3 45. Kd4 a4 46. bxa4 bxa4 47. Kc3 Kxf2 48. Kb2 Bb5 49. Ka1 Ke3 50. Ka2 Kd4 51.
Ka1 Kc5 52. Ka2 Kc4 53. Ka1 Kc3 54. Kb1 Kb3 55. Ka1 Bc6 56. Kb1 Be4+ 57. Ka1 Bd5 58. Kb1 Kxa3 59. Ka1 Bb3 60. Kb1 Kb4 61. Ka1 Kc3 62.
Kb1 Bc2+ 63. Ka1 Bb3 64. Kb1 Bc4 65. Ka1 Kb4 66. Kb1 Kb3 67. Ka1 Kb4 68. Kb1 Ka5 69. Ka1 Kb4 1/2-1/2

[Event "Late-Titled-Tuesday-Blitz-February-13-2024"]
[Site "Chess.com"]
[Date "2024.02.13"]
[Round "9"]
[White "Atousa"]
[Black "Nemsko"]
[Result "0-1"]
[WhiteElo "2525"]
[BlackElo "2411"]
[TimeControl "180+1"]
[EndTime "15:44:39 PST"]
[Termination "Nemsko won by resignation"]

1. e4 e5 2. Nf3 Nc6 3. Bb5 a6 4. Ba4 Nf6 5. O-O b5 6. Bb3 Be7 7. Re1 O-O 8. a4 b4 9. d3 d6 10.
Nbd2 a5 11. c3 h6 12. Nf1 Be6 13. Ng3 Rb8 14. Bxe6 fxe6 15. d4 bxc3 16. bxc3 exd4 17. cxd4 Nb4 18. Qb3 d5 19. exd5 exd5 20. Ne5 Bd6 21. Qc3 Qc8 22. Bd2 c5 23. dxc5 Qxc5 24. Qxc5 Bxc5 25.
Bxb4 Bxb4 26. Re2 Rfe8 27. Kf1 Bc3 28. Nc6 Bxa1 29. Nxb8 Rxb8 30. f3 Rb1+ 31. Re1 Rxe1+ 32. Kxe1 Bc3+ 33. Ke2 Bb4 34. Nf5 Nd7 35. Ne3 d4 36.
Nd5 Nc5 37. Nb6 d3+ 38. Kd1 d2 39. Kc2 Kf7 40. h3 Ke6 41. f4 Kf5 42. g3 Ke4 43. h4 Kf3 44. f5 Ke2 0-1

[Event "Late-Titled-Tuesday-Blitz-February-13-2024"]
[Site "Chess.com"]
[Date "2024.02.13"]
[Round "9"]
[White "Doudou2015"]
[Black "johnmez"]
[Result "1-0"]
[WhiteElo "2197"]
[BlackElo "2260"]
[TimeControl "180+1"]
[EndTime "15:44:39 PST"]
[Termination "Doudou2015 won by resignation"]

1. b3 Nf6 2. Bb2 g6 3. Bxf6 exf6 4. c4 Bg7 5. Nc3 O-O 6. g3 f5 7. Bg2 Nc6 8. e3 Re8 9. Nge2 d6 10. O-O Be6 11. d4 Bd7 12. a3 Rb8 13. b4 Qg5 14.
Nf4 Ne7 15. h4 Qh6 16. Ncd5 Nxd5 17. Nxd5 c6 18. Nf4 Be6 19. Rc1 Rbd8 20. Qa4 a6 21. b5 Bxc4 22. Qxc4 axb5 23. Qb4 Bf8 24. a4 d5 25. Qb3 bxa4 26. Qxb7 a3 27. Qxc6 Qg7 28.
Nxd5 Re6 29. Qc7 Rde8 30. Qa7 g5 31. hxg5 Qxg5 32. Nc7 Rh6 33. Nxe8 Qh5 34. Rfd1 f4 35. exf4 Qh2+ 36. Kf1 Re6 37. Qd7 Re7 38. Nf6+ Kg7 39.
Qg4+ Kxf6 40. Qg5+ Ke6 41. Rc6+ Kd7 42. Qd5+ 1-0

[Event "Late-Titled-Tuesday-Blitz-February-13-2024"]
[Site "Chess.com"]
[Date "2024.02.13"]
[Round "9"]
[White "verrbaa"]
[Black "KNVB"]
[Result "0-1"]
[WhiteElo "2506"]
[BlackElo "2828"]
[TimeControl "180+1"]
[EndTime "15:44:41 PST"]
[Termination "KNVB won on time"]

1. e4 b6 2. d4 Bb7 3. Nc3 e6 4. Nf3 Bb4 5. Bd3 Nf6 6. e5 Ne4 7. Bd2 Bxc3 8. bxc3 f5 9. Qe2 O-O 10. O-O Nc6 11. a4 Qe8 12. c4 Qg6 13. d5 Ne7 14. Nh4 Qf7 15. Bxe4 fxe4 16. d6 cxd6 17. exd6 Ng6 18.
Nxg6 Qxg6 19. Be3 Rac8 20. a5 Ba6 21. Rfb1 Bxc4 22. Qd2 bxa5 23. Rxa5 a6 24. Rg5 Qe8 25. Bd4 Rf7 26. Qe3 Qf8 27. Qg3 h6 28. Rg6 Kh7 29. h4 a5 30. h5 Qg8 31. Re1 Bd5 32. Ra1 Ra8 33. Ra3 a4 34. Kh2 Bc6 35. Be5 Ra5 0-1

[Event "Late-Titled-Tuesday-Blitz-February-13-2024"]
[Site "Chess.com"]
[Date "2024.02.13"]
[Round "9"]
[White "Njal28"]
[Black "gahryman"]
[Result "1-0"]
[WhiteElo "2978"]
[BlackElo "2694"]
[TimeControl "180+1"]
[EndTime "15:44:42 PST"]
[Termination "Njal28 won by checkmate"]

1. Nc3 c5 2. e4 Nc6 3. Nf3 g6 4. Bb5 Nd4 5. Bc4 Bg7 6. Nxd4 cxd4 7. Qf3 Nh6 8. Ne2 O-O 9. d3 d6 10. h3 Kh8 11. Qg3 e5 12. O-O f5 13. Bg5 Qe8 14. Qh4 Nf7 15. Be7 g5 16. Bxg5 Nxg5 17. Qxg5 f4 18. Kh1 Be6 19. Bxe6 Qxe6 20. Qg4 Qf7 21. Qf3 Rac8 22. c3 b5 23. a4 b4 24. cxd4 exd4 25.
Rac1 Be5 26. Ng1 b3 27. Qg4 Rc2 28. Nf3 Rg8 29. Qf5 Qxf5 30. exf5 Rxb2 31. Rb1 Rxb1 32.
Rxb1 Rb8 33. Rb2 Rb4 34. g4 fxg3 35. fxg3 Bxg3 36. Nd2 Be5 37. Rxb3 Rxa4 38. Ne4 Ra2 39. Rb7 Kg8 40. Rd7 h6 41. f6 a5 42. Kg1 a4 43.
f7+ Kf8 44. Nf2 Bh2+ 45. Kf1 Bf4 46. Ng4 Be3 47. Ke1 a3 48. Nf6 Rf2 49. Nh7+ Kg7 50. f8=Q+ Kg6 51. Qg8+ Kh5 52. Qg4# 1-0

[Event "Late-Titled-Tuesday-Blitz-February-13-2024"]
[Site "Chess.com"]
[Date "2024.02.13"]
[Round "9"]
[White "sergiochess83"]
[Black "Antipov_Mikhail_Al"]
[Result "0-1"]
[WhiteElo "2847"]
[BlackElo "2969"]
[TimeControl "180+1"]
[EndTime "15:44:43 PST"]
[Termination "Antipov_Mikhail_Al won on time"]

1. Nf3 c5 2. e4 e6 3. d4 cxd4 4. Nxd4 a6 5. a3 Qc7 6. c4 Nf6 7. Nc3 b6 8. Be3 Bb7 9. f3 Nc6 10. Qd2 Ne5 11. b3 Ng6 12. Be2 h5 13. g3 Be7 14.
Kf2 Rc8 15. Rad1 Qb8 16. Nc2 h4 17. Bg5 Rd8 18. Kg2 Nh5 19. Bxe7 Kxe7 20. Qg5+ Nf6 21. f4 hxg3 22. hxg3 Rxh1 23. Rxh1 d5 24. cxd5 exd5 25. e5 d4+ 26. Bf3 dxc3 27. exf6+ gxf6 28. Re1+ Kf8 29. Qh6+ Kg8 30. Re2 Rd2 31. Rxd2 cxd2 32. Ne3 Qe8 33. f5 Ne5 34. Bxb7 Qd7 0-1

[Event "Late-Titled-Tuesday-Blitz-February-13-2024"]
[Site "Chess.com"]
[Date "2024.02.13"]
[Round "9"]
[White "Korchmar_Vasiliy"]
[Black "rhungaski"]
[Result "1-0"]
[WhiteElo "2776"]
[BlackElo "2578"]
[TimeControl "180+1"]
[EndTime "15:44:44 PST"]
[Termination "Korchmar_Vasiliy won on time"]

1. e4 g6 2. d4 Bg7 3. Nc3 d6 4. f4 a6 5. Nf3 b5 6. Bd3 Nd7 7. a4 b4 8. Ne2 c5 9. c3 Bb7 10. O-O bxc3 11. bxc3 cxd4 12. cxd4 Nc5 13. Rb1 Nxd3 14. Qxd3 Bc6 15. e5 Nh6 16. Ng3 Bxa4 17. f5 Nxf5 18. Nxf5 gxf5 19. Qxf5 e6 20. Qg4 Rg8 21. Bh6 Bc2 22. Bxg7 Bf5 23. Qg3 Bxb1 24. Rxb1 dxe5 25. Qxe5 Qd5 26. Rb8+ Kd7 27. Rxg8 Rxg8 28. Qf6 Ke8 29. Bh6 a5 30. Bg5 Qd7 31. Ne5 Qxd4+ 32. Kf1 Qa1+ 33. Kf2 1-0

[Event "Late-Titled-Tuesday-Blitz-February-13-2024"]
[Site "Chess.com"]
[Date "2024.02.13"]
[Round "9"]
[White "stollenmonster"]
[Black "Malev212"]
[Result "0-1"]
[WhiteElo "2844"]
[BlackElo "2698"]
[TimeControl "180+1"]
[EndTime "15:44:44 PST"]
[Termination "Malev212 won on time"]

1. e4 c5 2. Nf3 d6 3. d4 cxd4 4. Nxd4 Nf6 5. Nc3 g6 6. g3 Bg4 7. Qd3 e5 8. Nde2 Nc6 9. Bg2 h5 10. h3 Be6 11. Nd5 Rc8 12. O-O Nd7 13. Be3 h4 14. g4 Bg7 15. Rad1 O-O 16. c3 a6 17. Kh2 b5 18. a4 Rb8 19. axb5 axb5 20. Ra1 Nc5 21. Qd1 b4 22. c4 b3 23. Nec3 Nd4 24. Ra7 Ra8 25. Rxa8 Qxa8 26. Nb5 Bxd5 27. exd5 Nxb5 28.
cxb5 Rc8 29. Qe2 e4 30. Rc1 Be5+ 31. Kh1 Qa2 32. b6 Qxb2 33. Qb5 Rb8 34. Bf1 Bd4 35. Bxd4 Qxc1 36. Kg2 Nd3 37. b7 Nf4+ 38. Kg1 Qd1 0-1

[Event "Late-Titled-Tuesday-Blitz-February-13-2024"]
[Site "Chess.com"]
[Date "2024.02.13"]
[Round "9"]
[White "CRObliterator"]
[Black "Jaka_Brilej"]
[Result "0-1"]
[WhiteElo "2388"]
[BlackElo "2537"]
[TimeControl "180+1"]
[EndTime "15:44:49 PST"]
[Termination "Jaka_Brilej won by resignation"]

1. e4 e5 2. Nf3 Nc6 3. Bc4 Nf6 4. d3 Bc5 5. c3 d6 6. O-O a5 7. a4 h6 8. Bb5 Ba7 9. h3 O-O 10. Be3 Bxe3 11. fxe3 Ne7 12. Bc4 c6 13. Qe1 Be6 14.
Bxe6 fxe6 15. Nbd2 Ng6 16. Nh4 Nxh4 17. Qxh4 Qb6 18.
Nc4 Qc7 19. Qg3 Rf7 20. Rf3 Raf8 21. Raf1 b5 22. axb5 cxb5 23. Nd2 Ne8 24. Qg6 Rxf3 25. Rxf3 Rxf3 26. gxf3 Nf6 27. f4 Qc5 28. d4 Qc7 29.
fxe5 dxe5 30. Nf3 exd4 31. exd4 Qf4 32. Ne5 Qc1+ 33. Kh2 Qxb2+ 34. Kh1 Qc1+ 35. Kh2 Qd2+ 36. Kh1 Qe1+ 37. Kh2 Qe2+ 38. Kh1 Qxe4+ 39. Qxe4 Nxe4 40. Nc6 a4 41. Nd8 a3 0-1

[Event "Late-Titled-Tuesday-Blitz-February-13-2024"]
[Site "Chess.com"]
[Date "2024.02.13"]
[Round "9"]
[White "ACollins05"]
[Black "Semetey"]
[Result "1-0"]
[WhiteElo "2474"]
[BlackElo "2601"]
[TimeControl "180+1"]
[EndTime "15:44:50 PST"]
[Termination "ACollins05 won by resignation"]

1. d4 d5 2. c4 e6 3. Nf3 Nf6 4. g3 Bb4+ 5. Nbd2 O-O 6. Bg2 dxc4 7. Qc2 c5 8. Qxc4 Nc6 9. dxc5 Qa5 10. O-O Qxc5 11. a3 Qxc4 12. Nxc4 Be7 13. Nfe5 Nxe5 14. Nxe5 Nd7 15. Nxd7 Bxd7 16. Bxb7 Rab8 17. Bf3 Bf6 18. Rb1 Ba4 19. Be3 Bxb2 20. Bxa7 Rb3 21. Bc5 Rfb8 22.
Bb4 Rd8 23. Be4 Bf6 24. Rxb3 Bxb3 25. Bd3 g6 26. Rb1 Ba2 27. Rc1 Ra8 28. Be4 Rb8 29.
Rc7 h5 30. h4 Bb2 31. Rc2 Bb1 32. Rc4 Bxe4 33. Rxe4 Ra8 34. Re3 Kg7 35. Rb3 Bf6 36.
e3 Ra7 37. Kf1 Be7 38. Bxe7 Rxe7 39. a4 Ra7 40. Ra3 Ra5 41. Ke2 Kf6 42. Kd3 Kf5 43. f3 g5 44. hxg5 Kxg5 45. Kc4 h4 46.
gxh4+ Kxh4 47. Kb4 Ra8 48. a5 Kg3 49. e4 Kf4 50. Kb5 f5 51. exf5 exf5 52. a6 Kg3 53. Kb6 f4 54. a7 Rh8 55. Kb7 Rh7+ 56.
Ka6 Rh8 57. Rb3 Rh1 58. a8=Q Ra1+ 59. Kb7 Rxa8 60. Kxa8 1-0

[Event "Late-Titled-Tuesday-Blitz-February-13-2024"]
[Site "Chess.com"]
[Date "2024.02.13"]
[Round "9"]
[White "dropstoneDP"]
[Black "platy3"]
[Result "1-0"]
[WhiteElo "3052"]
[BlackElo "2951"]
[TimeControl "180+1"]
[EndTime "15:44:51 PST"]
[Termination "dropstoneDP won on time"]

1. e4 e5 2. Nf3 Nc6 3. Bc4 Nf6 4.
d3 Bc5 5. c3 d6 6. O-O h6 7. Re1 a5 8. Nbd2 O-O 9. Nf1 Be6 10.
Bb5 Ba7 11. Ng3 Ne7 12. d4 Ng6 13. a4 c6 14. Bd3 Re8 15. h3 Nh7 16. Be3 Nh4 17.
Be2 Nxf3+ 18. Bxf3 Qf6 19. Bg4 Ng5 20. h4 Nh7 21.
Bxe6 Qxe6 22. d5 cxd5 23. Bxa7 Rxa7 24. exd5 Qg6 25. Qf3 Nf6 26. Rad1 Ra6 27. Nf5 Rb6 28. Rd2 Qg4 29. Nxh6+ gxh6 30. Qxf6 Qg7 31. Qf5 Qg6 32.
Qd7 Rf8 33. Re3 Kh8 34. Qe7 Rg8 35. Rg3 Qb1+ 36. Kh2 Rxg3 37. fxg3 Rxb2 38. Qf8+ Kh7 39. Qxf7+ Kh8 40. Qf8+ Kh7 41. Qe7+ Kg8 42. Rxb2 Qxb2 43. Qe6+ Kg7 44. Qxd6 Qxc3 45. Qe7+ Kg6 46. d6 1-0

[Event "Late-Titled-Tuesday-Blitz-February-13-2024"]
[Site "Chess.com"]
[Date "2024.02.13"]
[Round "9"]
[White "AndresDelgado77"]
[Black "zverr1"]
[Result "0-1"]
[WhiteElo "2334"]
[BlackElo "2539"]
[TimeControl "180+1"]
[EndTime "15:44:51 PST"]
[Termination "zverr1 won on time"]

1. e4 c5 2. Nf3 Nc6 3. b4 e5 4.
b5 Nd4 5. Nxd4 cxd4 6. c3 Bc5 7.
Ba3 Qe7 8. Bxc5 Qxc5 9. Qg4 Kf8 10. Bd3 Nf6 11. Qf3 d6 12. h3 h5 13. O-O Bd7 14.
cxd4 Qxd4 15. Nc3 h4 16. Ne2 Qb6 17. a4 a5 18. bxa6 bxa6 19. Bc4 Rc8 20. Rfc1 Ke7 21. Nc3 Rxc4 22. Qxf6+ gxf6 23. Nd5+ Ke6 24. Nxb6 Rxe4 25. Rc7 Rd8 26. a5 Bb5 27. Rac1 Rg8 28. Ra7 Re2 29.
Rcc7 Rxd2 30. Rxf7 Bc6 31. Rae7+ Kf5 32. Nc4 Rxg2+ 33. Kf1 Rdxf2+ 34. Ke1 Re2+ 35. Kd1 Ba4+ 0-1

[Event "Late-Titled-Tuesday-Blitz-February-13-2024"]
[Site "Chess.com"]
[Date "2024.02.13"]
[Round "9"]
[White "Quattroporte300"]
[Black "igorknyazev"]
[Result "1-0"]
[WhiteElo "2419"]
[BlackElo "2202"]
[TimeControl "180+1"]
[EndTime "15:44:51 PST"]
[Termination "Quattroporte300 won by resignation"]

1. e4 e5 2. Nf3 Nf6 3. d4 Nxe4 4. Nxe5 d5 5. Bd3 Nd7 6. O-O Nxe5 7. dxe5 Nc5 8. Nc3 Be7 9. f4 Nxd3 10. Qxd3 Bc5+ 11.
Kh1 c6 12. f5 Qh4 13. Bd2 Bd7 14. Rf4 Qh5 15. Na4 Be7 16. f6 gxf6 17. exf6 Bd6 18. Re1+ Kd8 19. Qf3 Qh6 20. h3 Bxf4 21. Bxf4 Qg6 22.
Nc5 b6 23. Nb7+ Kc8 24. Nd6+ Kd8 25. Re7 Qxf6 26. Rxf7 Qe6 27. Rf6 Qe1+ 28. Kh2 Rg8 29. Nb7+ Kc8 30. Nd6+ Kd8 31. Rf7 Re8 32. Bg5+ Kc7 33. Nxe8+ Rxe8 34. Qf5 Qe5+ 35. Qxe5+ Rxe5 36. Bf4 Kd6 37. Bxe5+ Kxe5 38. Rxd7 Kd4 39. Rxa7 c5 40. Rxh7 c4 41. Rb7 c3 42. bxc3+ Kxc3 43. Rxb6 d4 44. Rd6 Kxc2 45. Rxd4 Kc3 46. Rd8 Kb2 47. h4 1-0

[Event "Late-Titled-Tuesday-Blitz-February-13-2024"]
[Site "Chess.com"]
[Date "2024.02.13"]
[Round "9"]
[White "BogdanDeac"]
[Black "BilodeauA"]
[Result "1-0"]
[WhiteElo "3041"]
[BlackElo "2990"]
[TimeControl "180+1"]
[EndTime "15:44:52 PST"]
[Termination "BogdanDeac won by checkmate"]

1. e4 e5 2. Nf3 Nc6 3. Bb5 a6 4. Ba4 d6 5. O-O Bd7 6. d4 b5 7.
Bb3 Nxd4 8. Nxd4 exd4 9. c3 dxc3 10. Qh5 Qe7 11. Nxc3 Nf6 12. Qf3 c6 13. Bf4 Ng4 14.
Rad1 Qf6 15. Qg3 Be6 16. Bxd6 Bxd6 17. Rxd6 Nh6 18. f4 Qe7 19. Bxe6 Qxd6 20. Qxg7 Ke7 21. Qg5+ Kxe6 22. f5+ Kd7 23. Rd1 Qxd1+ 24. Nxd1 Ng8 25. f6 h5 26. Qg7 Nh6 27. Qg5 Rag8 28. Qxh5 Rg6 29.
Qf3 Ng4 30. Qf5+ Kc7 31. h3 Nxf6 32. e5 Rh5 33. Qf4 Nd5 34. Qxf7+ Kb6 35. Qxg6 Nf4 36. Qe4 Rh4 37. Qe3+ Kc7 38. Nf2 Nd5 39. Qa7+ Kd8 40. Ng4 Rh5 41. Nf6 Rxe5 42. Qd7# 1-0

[Event "Late-Titled-Tuesday-Blitz-February-13-2024"]
[Site "Chess.com"]
[Date "2024.02.13"]
[Round "9"]
[White "Hilary46"]
[Black "cande_francisco"]
[Result "0-1"]
[WhiteElo "2608"]
[BlackElo "2512"]
[TimeControl "180+1"]
[EndTime "15:44:53 PST"]
[Termination "cande_francisco won on time"]

1. e4 Nf6 2. e5 Nd5 3. d4 d6 4.
c4 Nb6 5. f4 dxe5 6. fxe5 Nc6 7.
Be3 Bf5 8. Nc3 e6 9. Nf3 Bg4 10. Be2 Bxf3 11. gxf3 Qh4+ 12. Bf2 Qh3 13. Bf1 Qf5 14.
Bd3 Qh3 15. c5 Nd7 16. Be4 f5 17. Bxc6 bxc6 18. Qe2 g6 19. O-O-O Bh6+ 20. Kb1 O-O 21. Rdg1 a5 22. Rg3 Qh5 23. Rhg1 Bf4 24. R3g2 Rfb8 25. Be3 Qh6 26. Bxf4 Qxf4 27. Qd3 Kf7 28. Ne2 Qh4 29.
f4 a4 30. Rg3 Qd8 31. Rh3 Kg7 32. Qc4 Nf8 33. Ng3 a3 34. Nh5+ Kf7 35. b3 gxh5 36.
Rxh5 Qd5 37. Qd3 Qe4 38. Qxe4 fxe4 39. Rh6 Rd8 40. Rf6+ Ke7 41. Rg7+ Ke8 0-1

[Event "Late-Titled-Tuesday-Blitz-February-13-2024"]
[Site "Chess.com"]
[Date "2024.02.13"]
[Round "9"]
[White "MikeSailer"]
[Black "KorolDimitriy75"]
[Result "0-1"]
[WhiteElo "2210"]
[BlackElo "2426"]
[TimeControl "180+1"]
[EndTime "15:44:53 PST"]
[Termination "KorolDimitriy75 won on time"]

1. d4 Nf6 2. Nf3 g6 3. Bf4 c5 4. e3 Qb6 5. Nc3 Bg7 6. Rb1 O-O 7. Be2 d5 8. O-O cxd4 9. exd4 Nc6 10. Nb5 Qd8 11. Nc7 Rb8 12. Nb5 Ra8 13. c3 Bf5 14. Rc1 a6 15. Na3 b5 16. Nc2 Qb6 17. Ne3 Bd7 18. a3 Rfc8 19. h3 e6 20. Ne5 Be8 21.
Nxc6 Bxc6 22. Be5 a5 23. Ng4 Nxg4 24. Bxg7 Nxf2 25. Rxf2 Kxg7 26. Qd2 Be8 27. Rcf1 b4 28. axb4 axb4 29. h4 bxc3 30. bxc3 h5 31. Bxh5 gxh5 32. Qg5+ Kf8 33. Qh6+ Ke7 34. Qg5+ Kd6 35. Qe5+ Kc6 36.
Rxf7 Bxf7 37. Rxf7 Re8 0-1

[Event "Late-Titled-Tuesday-Blitz-February-13-2024"]
[Site "Chess.com"]
[Date "2024.02.13"]
[Round "9"]
[White "YellowJacek"]
[Black "DraningWaterHi"]
[Result "0-1"]
[WhiteElo "2361"]
[BlackElo "2232"]
[TimeControl "180+1"]
[EndTime "15:44:53 PST"]
[Termination "DraningWaterHi won by resignation"]

1. e4 e5 2. Nf3 Nc6 3. Bb5 a6 4. Ba4 Nf6 5. O-O Be7 6. Re1 b5 7. Bb3 O-O 8. a4 b4 9. c3 Bb7 10. d4 d6 11. Bc2 a5 12. d5 Nb8 13. c4 Nbd7 14. b3 Nc5 15. Nbd2 Re8 16. Nf1 Bf8 17. Ng3 g6 18. h3 Bg7 19. Bg5 h6 20. Be3 Bc8 21. Qd2 Kh7 22. Rac1 Nfd7 23. Rf1 Bb7 24. Kh2 Qe7 25. Ng1 Rf8 26. N1e2 Rad8 27. f4 exf4 28.
Nxf4 Ne5 29. Kh1 Ncd7 30. Nfe2 c5 31. dxc6 Nxc6 32. Nd4 Nxd4 33. Bxd4 Bxd4 34. Qxd4 Qe5 35. Qxe5 dxe5 36. Rcd1 Kg7 37. Rd6 Nc5 38. Rfd1 Rxd6 39.
Rxd6 Rc8 40. Kg1 Kf8 41. Kf2 Ke7 42. Rd2 h5 43. Ke3 Rd8 44. Rxd8 Kxd8 45. Nf1 Ke7 46.
Nd2 h4 47. Nf3 Kf6 48. Nxh4 Ne6 49. Nf3 Nf4 50. Ne1 g5 51. Bd1 Ne6 52. Nd3 Bc6 53.
g3 Nd4 54. h4 gxh4 55. gxh4 Ke7 56. h5 f6 57. Nc5 Kf7 58. Bg4 Kg7 59. Ne6+ Nxe6 60. Bxe6 Kh6 61. Bd5 Bd7 62. c5 Kxh5 63. c6 Bc8 64. Kd3 Kg4 65. Kc4 f5 66. exf5 Kxf5 67.
Kc5 e4 68. Kb6 e3 69. Bc4 Ke5 70. Kxa5 Kd6 71. Kb6 Be6 72. Be2 Bxb3 73. a5 Be6 74. a6 b3 75. a7 b2 76. Bd3 e2 77. a8=Q e1=Q 78. Qd8+ Ke5 79. c7 Qb4+ 80. Bb5 b1=Q 81.
Qg5+ Kd4 82. Qf4+ Kc3 83. Qe3+ Kb2 84. Qd2+ Qxd2 0-1

[Event "Late-Titled-Tuesday-Blitz-February-13-2024"]
[Site "Chess.com"]
[Date "2024.02.13"]
[Round "9"]
[White "dennisodessa"]
[Black "DanylaBagrov"]
[Result "1-0"]
[WhiteElo "2586"]
[BlackElo "2555"]
[TimeControl "180+1"]
[EndTime "15:44:55 PST"]
[Termination "dennisodessa won on time"]

1. d4 f5 2. c4 Nf6 3. Bg5 Ne4 4.
Bf4 d6 5. f3 Nf6 6. Nc3 g6 7.
e4 Bg7 8. exf5 Bxf5 9. Nge2 Nc6 10.
Ng3 e5 11. dxe5 dxe5 12. Qxd8+ Rxd8 13. Bg5 Nd4 14. O-O-O O-O 15. Nxf5 gxf5 16. Bd3 c6 17. Bb1 Rd7 18. Rhe1 Re8 19. Ne2 c5 20. Nxd4 cxd4 21. Bxf5 Rc7 22. b3 Nd5 23. Bd2 b5 24. Bd3 Nb6 25. Ba5 Bh6+ 26. Kb1 bxc4 27. Bxc4+ Rxc4 28. Bxb6 Rcc8 29. Bxa7 Be3 30. Bb6 Rc6 31. Ba5 Ra8 32.
Bd2 Rca6 33. Bxe3 Rxa2 34. Bc1 Ra1+ 35. Kc2 R8a2+ 36. Kd3 Rxg2 37. Rxe5 Rxh2 38. Kxd4 Rf2 39. Rf5 h6 40. Rg1+ Kh8 41. Rf8+ Kh7 42. Rf7+ Kh8 43.
Be3 1-0